 Dungeon Crawl Stone Soup version 0.28-a0-514-g0d7ab7f379 (webtiles) character file.

Game seed: 14510844352883765413

1334 bearlyready the Slasher (level 8, -4/60 (67) HPs)
             Began as a Gnoll Cinder Acolyte on Sept 22, 2021.
             Was a High Priest of Ignis.
             Slain by a wight (13 damage)
             ... on level 5 of the Dungeon.
             The game lasted 00:08:36 (6402 turns).

bearlyready the Slasher (Gnoll Cinder Acolyte)      Turns: 6402, Time: 00:08:37

HP:   -4/60 (67)    AC:  9    Str: 17    XL:     8   Next: 61%
MP:   0/14          EV: 11    Int: 19    God:    Ignis [*****.]
Gold: 225           SH:  0    Dex:  7    Spells: 14/16 levels left

rFire   + . .      SeeInvis .   a - -1 falchion (flame)
rCold   . . .      Faith    .   (no shield)
rNeg    . . .      Spirit   +   c - +0 ring mail
rPois   .          Reflect  .   z - +0 hat
rElec   .          Harm     .   y - +0 cloak
rCorr   .          Rampage  .   A - +0 pair of gloves
Will    .....                   q - +0 pair of boots
Stlth   +.........              d - amulet of guardian spirit
HPRegen 0.20/turn               B - +6 ring of intelligence
MPRegen 0.14/turn               (no ring)

@: heavily drained
A: fangs 1, strong nose, distributed training
a: Renounce Religion, Sea of Fire, Foxfire Swarm, Rising Flame


You were on level 5 of the Dungeon.
You worshipped Ignis.
Ignis was extremely pleased with you.
You visited 1 branch of the dungeon, and saw 6 of its levels.

You collected 225 gold pieces.

Inventory:

Hand Weapons
 a - a -1 falchion of flaming (weapon)
 D - a +2 hand axe of flaming
Missiles
 g - 73 stones
 k - 8 javelins
 v - 8 boomerangs (quivered)
 x - 17 poisoned darts
Armour
 b - a +0 robe
 c - a +0 ring mail (worn)
 q - a +0 pair of boots (worn)
 y - a +0 cloak (worn)
 z - a +0 hat (worn)
 A - a +0 pair of gloves (worn)
 G - the +1 leather armour of Awe {rPois Int+2}
   (You found it on level 6 of the Dungeon)

   Int:       It affects your intelligence (+2).
   rPois:     It protects you from poison.
Jewellery
 d - an amulet of guardian spirit (around neck)
 o - an amulet of faith
 B - a +6 ring of intelligence (left hand)
 E - a +6 ring of dexterity
Wands
 w - a wand of iceblast (4)
 C - a wand of flame (23)
Scrolls
 f - 5 scrolls of teleportation {unknown}
 i - 2 scrolls of blinking {unknown}
 j - a scroll of brand weapon {unknown}
 l - 5 scrolls of identify {unknown}
 p - 2 scrolls of enchant armour {unknown}
 t - a scroll of fog {unknown}
 F - a scroll of immolation {unknown}
Potions
 e - a potion of cancellation {unknown}
 h - a potion of lignification {unknown}
 m - 3 potions of heal wounds {unknown}
 n - a potion of curing {unknown}
 r - 2 potions of brilliance {unknown}
 s - a potion of invisibility
 u - a potion of flight {unknown}


   Skills:
 + Level 7.4 Fighting
 + Level 3.4 Short Blades
 + Level 7.4 Long Blades
 + Level 3.4 Axes
 + Level 3.4 Maces & Flails
 + Level 3.4 Polearms
 + Level 3.4 Staves
 + Level 3.4 Slings
 + Level 3.4 Bows
 + Level 3.4 Crossbows
 + Level 3.4 Throwing
 + Level 3.4 Armour
 + Level 3.4 Dodging
 + Level 3.4 Stealth
 + Level 3.4 Shields
 + Level 3.4 Unarmed Combat
 + Level 4.5 Spellcasting
 + Level 2.8 Conjurations
 + Level 2.8 Hexes
 + Level 2.8 Summonings
 + Level 2.8 Necromancy
 + Level 2.8 Translocations
 + Level 2.8 Transmutations
 + Level 6.2 Fire Magic
 + Level 2.8 Ice Magic
 + Level 2.8 Air Magic
 + Level 2.8 Earth Magic
 + Level 2.8 Poison Magic
 + Level 3.7 Invocations
 + Level 3.4 Evocations


You had 14 spell levels left.
You knew the following spells:

 Your Spells              Type           Power      Damage    Failure   Level
a - Scorch                Fire           54%        2d7       2%          2

Your spell library contained the following spells:

 Spells                   Type           Power      Damage    Failure   Level
 Frozen Ramparts          Ice            28%        1d4       22%         3
 Ice Form                 Ice/Tmut       14%        N/A       58%         4
 Summon Ice Beast         Ice/Summ       14%        N/A       58%         4
 Iskenderun's Battlesphe  Conj           14%        2d7       90%         5
 Iron Shot                Conj/Erth      7%         9d2       100%        6
 Spellforged Servitor     Conj/Summ      7%         N/A       100%        7


Dungeon Overview and Level Annotations

Branches:
Dungeon (6/15)             Temple (0/1) D:5

Altars:
Hepliaklqana
Kikubaaqudgha
Makhleb
Qazlal
Sif Muna
Uskayaw
Wu Jian
Yredelemnul

Shops:
D:5 *


Innate Abilities, Weirdness & Mutations

You have very sharp teeth.
Your uncanny sense of smell can sniff out nearby items.
Your experience applies equally to all skills.


Message History

You feel drained.
You hit the wight but do no damage. You barely miss the wight.
You bite the wight, but do no damage.
The wight hits you with a +4 great sword!
You hit the wight but do no damage. The wight misses you.
You closely miss the wight. The wight closely misses you.
Things that are here:
20 arrows; a +0 shortbow
Okay, then.
The wight closely misses you.
You hit the wight but do no damage. The wight misses you.
You hit the wight but do no damage.
The wight hits you with a +4 great sword!
You hit the wight but do no damage. You bite the wight, but do no damage.
The wight hits you with a +4 great sword.
You hit the wight. You burn the wight.
The wight is heavily damaged.
You hit the wight. You burn the wight.
The wight is severely damaged.
The wight hits you with a +4 great sword!
You feel drained.
You hit the wight but do no damage.
The wight is severely damaged.
The wight closely misses you.
You hit the wight but do no damage.
The wight is severely damaged.
The wight hits you with a +4 great sword!
You feel drained.
You closely miss the wight. You bite the wight, but do no damage.
The wight is severely damaged.
The wight hits you with a +4 great sword!
* * * LOW HITPOINT WARNING * * *
You hit the wight. You burn the wight.
The wight is almost destroyed.
The wight hits you with a +4 great sword.
* * * LOW HITPOINT WARNING * * *
You closely miss the wight.
The wight is almost destroyed.
The wight hits you with a +4 great sword!
You die...

##..##..#.#....#..............##
##..#...###...........#........##
....#.................#...<......
##.##.................#.(......##
##.#..)........##.............##
#.............##............###
...............##........#####
...............#.........>.#.##
...............z@.............#
................#.............##
.......8.#......#..............#
..............##.........##...##
.....8.∩.8...###..#......#..#####
...#...<##...####.#....##....##..
...#...8##....# ##...)#####...#..
...#....##....## #..### #.......
........#......# #### #..##...


You could see a wight.

Vanquished Creatures
  Menkaure (D:4)
  A sky beast (D:5)
  4 ogres
  2 centaurs
  A kobold brigand (D:6)
  Blork the orc (D:4)
  2 scorpions
  A bullfrog skeleton (D:5)
  2 hounds
  A centaur skeleton (D:3)
  A jelly (D:2)
  An iguana (D:5)
  A scorpion zombie (D:5)
  A hound skeleton (D:4)
  7 adders
  A shadow imp (D:5)
  2 worms (D:3)
  5 dart slugs
  6 orcs (D:5)
  7 endoplasms
  2 giant cockroaches (D:4)
  9 goblins
  3 hobgoblins
  3 quokkas
  9 ball pythons
  5 bats
  3 frilled lizards
  11 kobolds
  8 rats
101 creatures vanquished.

Notes
Turn   | Place    | Note
-------+----------+-------------------------------------------
     0 | D:1      | bearlyready the Gnoll Cinder Acolyte began the quest for
                  | the Orb.
     0 | D:1      | Reached XP level 1. HP: 23/23 MP: 4/4
   279 | D:1      | Reached XP level 2. HP: 28/29 MP: 3/5
   862 | D:1      | Reached XP level 3. HP: 31/35 MP: 5/7
   902 | D:1      | Learned a level 2 spell: Scorch
  1005 | D:1      | Found a faded altar of an unknown god.
  1436 | D:2      | Reached skill level 1 in Short Blades
  1436 | D:2      | Reached skill level 1 in Axes
  1436 | D:2      | Reached skill level 1 in Maces & Flails
  1436 | D:2      | Reached skill level 1 in Polearms
  1436 | D:2      | Reached skill level 1 in Staves
  1436 | D:2      | Reached skill level 1 in Slings
  1436 | D:2      | Reached skill level 1 in Bows
  1436 | D:2      | Reached skill level 1 in Crossbows
  1436 | D:2      | Reached skill level 1 in Throwing
  1436 | D:2      | Reached skill level 1 in Armour
  1436 | D:2      | Reached skill level 1 in Dodging
  1436 | D:2      | Reached skill level 1 in Stealth
  1436 | D:2      | Reached skill level 1 in Shields
  1436 | D:2      | Reached skill level 1 in Unarmed Combat
  1436 | D:2      | Reached skill level 1 in Invocations
  1436 | D:2      | Reached skill level 1 in Evocations
  1436 | D:2      | Reached XP level 4. HP: 41/41 MP: 1/8
  2164 | D:3      | Reached skill level 1 in Conjurations
  2164 | D:3      | Reached skill level 1 in Hexes
  2164 | D:3      | Reached skill level 1 in Summonings
  2164 | D:3      | Reached skill level 1 in Necromancy
  2164 | D:3      | Reached skill level 1 in Translocations
  2164 | D:3      | Reached skill level 1 in Transmutations
  2164 | D:3      | Reached skill level 1 in Ice Magic
  2164 | D:3      | Reached skill level 1 in Air Magic
  2164 | D:3      | Reached skill level 1 in Earth Magic
  2164 | D:3      | Reached skill level 1 in Poison Magic
  2455 | D:3      | Reached XP level 5. HP: 43/47 MP: 6/9
  2651 | D:3      | Found a stormy altar of Qazlal.
  2652 | D:3      | Found a shimmering blue altar of Sif Muna.
  2689 | D:3      | Found a hide-covered altar of Uskayaw.
  2718 | D:3      | Found an ornate altar of the Wu Jian Council.
  2720 | D:3      | Found a basalt altar of Yredelemnul.
  2722 | D:3      | Found a hazy altar of Hepliaklqana.
  3015 | D:4      | Noticed Menkaure
  3022 | D:4      | Killed Menkaure
  3023 | D:4      | Reached XP level 6. HP: 53/53 MP: 1/11
  3368 | D:4      | Found a burning altar of Makhleb.
  4196 | D:4      | Reached XP level 7. HP: 37/59 MP: 2/12
  4489 | D:5      | Entered Level 5 of the Dungeon
  4527 | D:5      | Noticed Blork the orc
  4527 | D:5      | Found an ancient bone altar of Kikubaaqudgha.
  4537 | D:4      | Killed Blork the orc
  5001 | D:5      | Reached XP level 8. HP: 52/67 MP: 10/14
  5102 | D:5      | Found a staircase to the Ecumenical Temple.
  5402 | D:5      | Found Mostroh's Assorted Antiques.
  6099 | D:6      | Identified the +1 leather armour of Awe {rPois Int+2}
  6402 | D:5      | Slain by a wight

Illustrated notes

Levels and vault maps discovered:
D:1:      dpeg_arrival_round_b, layout_basic,
          shapermc_ecumenical_altar_mp_vishouse, minmay_tetromino_i4
D:2:      layout_loops_ring, palyth_stone_intersect
D:3:      layout_basic, chequers_temple_overflow_statue_of_worship,
          eat_drink_and_be_merry_uskayaw, grunt_temple_overflow_open
D:4:      layout_basic, makhleb_heckhound_becter, chequers_mini_garden,
          uniq_menkaure
D:5:      layout_cave_pools, kiku_gazebo_garden_becter, temple_green,
          serial_shops, nicolae_shop_statue_plus, uniq_blork_the_orc
D:6:      layout_cave_pools, kennysheep_another_room, minivault_4,
          hangedman_decor_growths

Skill      XL: |  1  2  3  4  5  6  7  8 |
---------------+-------------------------+-----
Short Blades   | 1 2 3 |  3.4
Axes           | 1 2 3 |  3.4
Maces & Flails | 1 2 3 |  3.4
Polearms       | 1 2 3 |  3.4
Staves         | 1 2 3 |  3.4
Slings         | 1 2 3 |  3.4
Bows           | 1 2 3 |  3.4
Crossbows      | 1 2 3 |  3.4
Throwing       | 1 2 3 |  3.4
Armour         | 1 2 3 |  3.4
Dodging        | 1 2 3 |  3.4
Stealth        | 1 2 3 |  3.4
Shields        | 1 2 3 |  3.4
Unarmed Combat | 1 2 3 |  3.4
Invocations    | 1 2 3 |  3.7
Evocations     | 1 2 3 |  3.4
Spellcasting   | 3 4 |  4.5
Conjurations   | 1 2 |  2.8
Hexes          | 1 2 |  2.8
Summonings     | 1 2 |  2.8
Necromancy     | 1 2 |  2.8
Translocations | 1 2 |  2.8
Transmutations | 1 2 |  2.8
Ice Magic      | 1 2 |  2.8
Air Magic      | 1 2 |  2.8
Earth Magic    | 1 2 |  2.8
Poison Magic   | 1 2 |  2.8
Fighting       | 7 |  7.4
Long Blades    | 7 |  7.4
Fire Magic     | 6 |  6.2

Action                   |  1- 3 |  4- 6 |  7- 9 || total
-------------------------+-------+-------+-------++-------
Melee: Falchion          |    68 |   140 |   171 ||   379
       Bite              |     4 |     6 |    13 ||    23
       Punch             |       |     1 |     3 ||     4
Throw: Dart              |       |     5 |     4 ||     9
       Stone             |       |       |     1 ||     1
       Boomerang         |       |       |     1 ||     1
 Cast: Scorch            |     3 |     8 |       ||    11
Evoke: Wand              |       |       |     5 ||     5
Armor: Robe              |     4 |       |       ||     4
       Ring mail         |    19 |    58 |    56 ||   133
Dodge: Dodged            |    22 |    63 |    92 ||   177

Table legend: (Time is in decaauts)
 A = Elapsed time spent in this place.
 B = Non-inter-level travel time spent in this place.
 C = Inter-level travel time spent in this place.
 D = Time resting spent in this place.
 E = Time spent auto-exploring this place.
 F = Levels seen in this place.
 G = Mean time per level.
                   A        B        C        D        E       F      G
               +--------+--------+--------+--------+--------+-----+--------+
         Total |   6387 |   6143 |    244 |    542 |   4501 |   6 | 1064.5 |
       Dungeon |   6387 |   6143 |    244 |    542 |   4501 |   6 | 1064.5 |
               +--------+--------+--------+--------+--------+-----+--------+

Top non-repeatable levels by time:
     D:4: 1673 daAuts
     D:5: 1367 daAuts
     D:1: 1266 daAuts
     D:3: 1013 daAuts
     D:2: 882 daAuts
     D:6: 185 daAuts
